 Dungeon Crawl Stone Soup version 0.30-a0-364-gf6b3ef1049 (webtiles) character file.

Game seed: 358223458633032989

12 Killmatronix the Sneak (level 2, 19/19 HPs)
             Began as an Octopode Wanderer on Nov 13, 2022.
             Got out of the dungeon alive.
             The game lasted 00:01:40 (195 turns).

Killmatronix the Sneak (Octopode Wanderer)           Turns: 195, Time: 00:01:40

Health: 19/19      AC:  1    Str: 11    XL:     2   Next: 33%
Magic:  2/2        EV: 12    Int: 10    God:
Gold:   0          SH:  0    Dex: 15    Spells: 1/1 levels left

rFire   . . .      SeeInvis .    a - +0 spear
rCold   . . .      Faith    .    (no shield)
rNeg    . . .      Spirit   .    (helmet restricted)
rPois   .          Reflect  .    (no amulet)
rElec   .          Harm     .    (no ring)
rCorr   .          Rampage  .    (no ring)
Will    .....                    (no ring)
Stlth   ++++......               (no ring)
HPRegen 0.23/turn                (no ring)
MPRegen 0.08/turn                (no ring)
                                 (no ring)
                                 (no ring)

@: no status effects
A: almost no armour, amphibious, 8 rings, camouflage 1, gelatinous body 1,
(nimble swimmer 1), tentacles
a: no special abilities


You escaped.
You visited 1 branch of the dungeon, and saw 1 of its levels.

Inventory:

Hand Weapons
 a - a +0 spear (weapon)
Missiles
 b - an atropa-tipped dart
 c - a datura-tipped dart
Scrolls
 e - a scroll of teleportation
 f - a scroll of fog
Potions
 d - a potion of invisibility {unknown}


   Skills:
 + Level 2.2 Fighting
 * Level 2.5 Polearms
 - Level 1.0 Throwing
 + Level 6.8 Stealth


You had one spell level left.
You didn't know any spells.
Your spell library was empty.

Dungeon Overview and Level Annotations

Branches:
Dungeon (1/15)

Altars:


Innate Abilities, Weirdness & Mutations

You cannot wear most types of armour.
You are amphibious.
You can wear up to eight rings at the same time.
Your skin changes colour to match your surroundings (Stealth+).
Your rubbery body absorbs attacks. (AC +1, EV +1)
((You are camouflaged when in or above water. (Stealth+)))
You have tentacles for arms and can constrict up to eight enemies at once.


Message History

The jackal bites you. The jackal closely misses you.
You are too injured to fight recklessly!
You are too injured to fight recklessly!
You closely miss the jackal. You grab the jackal.
You constrict the jackal, but do no damage.
The jackal bites you but does no damage.
You hit the jackal.
The jackal is severely wounded.
You constrict the jackal, but do no damage.
The jackal misses you. x2
You barely miss the jackal.
The jackal is severely wounded.
You constrict the jackal. The jackal bites you.
You completely miss the jackal. You squeeze the jackal.
You kill the jackal!
HP restored.
d - a sedimented white potion
Found a ring mail.
A hobgoblin comes into view.
Found a stone staircase leading down.
Found 10 gold pieces.
You reach to attack!
The helpless hobgoblin fails to defend itself.
You hit the hobgoblin.
The hobgoblin is heavily wounded.
You hit the hobgoblin.
You kill the hobgoblin!
No target in view!
Welcome back, Killmatronix the Octopode Wanderer.
Press ? for a list of commands and other information.
Things that are here:
2 stones; a +0 dagger
Things that are here:
a +0 club; a goblin corpse
There is a fountain of clear blue water here.
There is an open door here.
There is a staircase leading out of the dungeon here.
You see here a +0 dagger.
Are you sure you want to leave the Dungeon?
This will make you lose the game!
You have escaped!

##### #... #..#
########..#####
#.....##..##..#
#..@..'...##..#
#.....##..##..#
########...'..#
#######..##..#
.........##..#
.......⌠.##..#
######...######.
#...# ###. ##.##
...


There were no monsters in sight!

Vanquished Creatures
  An endoplasm (D:1)
  A goblin (D:1)
  A hobgoblin (D:1)
  3 jackals (D:1)
  A quokka (D:1)
  A bat (D:1)
  A frilled lizard (D:1)
  A kobold (D:1)
  A rat (D:1)
11 creatures vanquished.

Notes
Turn   | Place    | Note
-------+----------+-------------------------------------------
     0 | D:1      | Killmatronix the Octopode Wanderer began the quest for the
                  | Orb.
     0 | D:1      | Killmatronix set off with the following items: a +0 dagger,
                  | an atropa-tipped dart, a datura-tipped dart, a +0 spear, a
                  | scroll of teleportation, a scroll of fog.
     0 | D:1      | Reached XP level 1. HP: 14/14 MP: 1/1
    66 | D:1      | Reached XP level 2. HP: 19/19 MP: 2/2
   153 | D:1      | Upgraded the game from 0.30-a0-360-g447f08457e to
                  | 0.30-a0-364-gf6b3ef1049
   195 | D:$      | Got out of the dungeon alive.

Illustrated notes

Levels and vault maps discovered:
D:1:      dpeg_arrival_rooms_a, layout_loops_cross,
          hellmonk_ecumenical_altar_watching_god

Action                   || total
-------------------------++-------
Melee: Spear             ||    23
       Constrict         ||     4
       Tentacles         ||     4
 Stab: Sleeping          ||     5
Armor: Skin              ||     5
Dodge: Dodged            ||    12

Table legend: (Time is in decaauts)
 A = Elapsed time spent in this place.
 B = Non-inter-level travel time spent in this place.
 C = Inter-level travel time spent in this place.
 D = Time resting spent in this place.
 E = Time spent auto-exploring this place.
 F = Levels seen in this place.
 G = Mean time per level.
                   A        B        C        D        E       F      G
               +--------+--------+--------+--------+--------+-----+--------+
         Total |    194 |    153 |     41 |      0 |     92 |   1 |  194.0 |
       Dungeon |    194 |    153 |     41 |      0 |     92 |   1 |  194.0 |
               +--------+--------+--------+--------+--------+-----+--------+

Top non-repeatable levels by time:
     D:1: 194 daAuts
